 Dungeon Crawl Stone Soup version 0.21.1-1-g345015f (webtiles) character file.

42613 inc the Infuser (level 13, -9/57 HPs)
             Began as a Felid Wizard on Mar 1, 2018.
             Was the Champion of Zin.
             Mangled by a merfolk impaler
             ... wielding a +1 trident of distortion
              (19 damage)
             ... on level 3 of the Shoals.
             The game lasted 03:11:17 (44805 turns).

inc the Infuser (Felid Wizard)                     Turns: 44805, Time: 03:11:18

Health: -9/57      AC:  6    Str:  3    XL:     13   Next: 86%
Magic:  36/37      EV: 30    Int: 34    God:    Zin [******]
Gold:   2386       SH:  0    Dex: 20    Spells: 4/32 levels left
                                        Lives:  0   Deaths: 4

rFire    + . .     SeeInvis +     - Unarmed
rCold    + . .     Gourm    .   (shield unavailable)
rNeg     . . .     Faith    .   (armour unavailable)
rPois    +         Spirit   .   (helmet unavailable)
rElec    .         Reflect  .   (cloak unavailable)
rCorr    .         Harm     .   (gloves unavailable)
MR       +++..                  (boots unavailable)
Stlth    ++++......             H - amulet of regeneration
HPRegen  0.59/turn              s - ring of magical power
MPRegen  0.25/turn              t - +5 ring of intelligence

@: quick
A: very small, no armour, no weapons or thrown items, stealth, claws 1, fangs 3,
horns 1, repulsion field 1, slimy green scales 2, see invisible, agile 2,
carnivore, clever 2, fire resistance 1, speed 1, magic resistance 2, mutation
resistance 1, sense surroundings 2, poison resistance, shaggy fur 3, slow
metabolism 1, wild magic 1, sharp paws
a: Recite, Vitalisation, Imprison, Sanctuary, Donate Gold, Renounce Religion


You were on level 3 of the Shoals.
You worshipped Zin.
Zin was exalted by your worship.
You were not hungry.

You visited 6 branches of the dungeon, and saw 29 of its levels.
You also visited: Bailey and Volcano.

You collected 4223 gold pieces.
You spent 265 gold pieces at shops.
You donated 1572 gold pieces to Zin.

Inventory:

Jewellery
 c - a +6 ring of dexterity
 d - the ring "Vinit Haffe" {rC+ MR+}
   (You found it on level 6 of the Lair of Beasts)

   [ring of protection from magic]

   It protects you from cold.
   It affects your resistance to hostile enchantments.
 j - an uncursed ring of stealth
 n - an uncursed ring of fire
 s - a ring of magical power (left paw)
 t - a +5 ring of intelligence (right paw)
 x - an uncursed amulet of magic regeneration
 y - an uncursed ring of flight
 E - an uncursed ring of stealth
 F - an uncursed amulet of faith
 H - an amulet of regeneration (around neck)
 L - a cursed ring of teleportation {unknown}
 O - the ring "Uckyschum" {rCorr *Corrode Dex+3 Stlth+}
   (You acquired it on level 2 of the Orcish Mines)

   [ring of resist corrosion]

   It affects your dexterity (+3).
   It may corrode you when you take damage.
   It makes you more stealthy.
 V - an uncursed ring of protection from cold
Wands
 m - a wand of acid (22)
 r - a wand of enslavement (19)
 G - a wand of digging (11)
 K - a wand of disintegration (19)
 P - a wand of paralysis (29)
Scrolls
 e - 2 scrolls of blinking
 g - 3 scrolls of magic mapping
 o - 4 scrolls of identify
 p - 4 scrolls of teleportation
 q - a scroll of holy word
 v - 8 scrolls of remove curse
 w - 4 scrolls of immolation
 z - a scroll of fear
 N - 4 scrolls of fog
 S - 7 scrolls of silence
 W - a scroll of vulnerability
Potions
 f - 4 potions of resistance
 h - 5 potions of flight
 i - 4 potions of might
 k - a potion of mutation
 A - 6 potions of brilliance
 C - a potion of cancellation
 J - 3 potions of haste
Books
 a - a book of Minor Magic

   Spells                             Type                      Level
   a - Magic Dart                     Conjuration                  1
   b - Blink                          Translocation                2
   c - Call Imp                       Summoning                    2
   d - Slow                           Hexes                        2
   e - Conjure Flame                  Conjuration/Fire             3
   f - Mephitic Cloud                 Conjuration/Poison/Air       3
 l - a book of Ice

   Spells                             Type                      Level
   a - Ice Form                       Ice/Transmutation            4
   b - Metabolic Englaciation         Hexes/Ice                    5
   c - Ozocubu's Refrigeration        Ice                          6
   d - Bolt of Cold                   Conjuration/Ice              6
   e - Freezing Cloud                 Conjuration/Ice/Air          6
   f - Simulacrum                     Ice/Necromancy               6
 u - a book of Necromancy

   Spells                             Type                      Level
   a - Pain                           Necromancy                   1
   b - Animate Skeleton               Necromancy                   1
   c - Vampiric Draining              Necromancy                   3
   d - Regeneration                   Charms/Necromancy            3
   e - Animate Dead                   Necromancy                   4
   f - Borgnjor's Vile Clutch         Necromancy/Earth             5
   Zin disapproves of the use of such an item.
 B - a book of Party Tricks

   Spells                             Type                      Level
   a - Summon Butterflies             Summoning                    1
   b - Apportation                    Translocation                1
   c - Lesser Beckoning               Translocation                3
   d - Tukima's Dance                 Hexes                        3
   e - Alistair's Intoxication        Transmutation/Poison         5
   f - Invisibility                   Hexes                        6
 D - Roxanne's Reference Book on the Rocks
   (You took it off Roxanne on level 1 of the Shoals)

   Spells                             Type                      Level
   a - Sandblast                      Earth                        1
   b - Stone Arrow                    Conjuration/Earth            3
   c - Statue Form                    Transmutation/Earth          6
   d - Shatter                        Earth                        9
 I - a book of the Sky

   Spells                             Type                      Level
   a - Summon Lightning Spire         Summoning/Air                4
   b - Silence                        Hexes/Air                    5
   c - Deflect Missiles               Charms/Air                   6
   d - Conjure Ball Lightning         Conjuration/Air              6
   e - Tornado                        Air                          9
 M - a book of Flames

   Spells                             Type                      Level
   a - Flame Tongue                   Conjuration/Fire             1
   b - Throw Flame                    Conjuration/Fire             2
   c - Conjure Flame                  Conjuration/Fire             3
   d - Inner Flame                    Hexes/Fire                   3
   e - Sticky Flame                   Conjuration/Fire             4
   f - Fireball                       Conjuration/Fire             5
 U - a book of Frost

   Spells                             Type                      Level
   a - Freeze                         Ice                          1
   b - Throw Frost                    Conjuration/Ice              2
   c - Ozocubu's Armour               Charms/Ice                   3
   d - Throw Icicle                   Conjuration/Ice              4
   e - Summon Ice Beast               Ice/Summoning                4
 Z - a book of Clouds

   Spells                             Type                      Level
   a - Poisonous Vapours              Poison/Air                   2
   b - Mephitic Cloud                 Conjuration/Poison/Air       3
   c - Conjure Flame                  Conjuration/Fire             3
   d - Freezing Cloud                 Conjuration/Ice/Air          6
   e - Ring of Flames                 Charms/Fire                  7
Miscellaneous
 Y - a phantom mirror
Comestibles
 b - 33 rations


   Skills:
 - Level 6.7 Fighting
 - Level 11.4 Dodging
 - Level 6.2 Stealth
 - Level 4.2 Unarmed Combat
 - Level 10.0 Spellcasting
 + Level 7.1 Conjurations
 - Level 12.8 Charms
 - Level 5.2 Summonings
 - Level 9.7 Necromancy
 - Level 2.0 Translocations
 + Level 6.7 Fire Magic
 - Level 9.3 Air Magic
 - Level 10.0 Earth Magic
 - Level 1.5 Poison Magic
 - Level 7.6 Invocations


You had 4 spell levels left.
You knew the following spells:

 Your Spells              Type           Power        Failure   Level  Hunger
a - Magic Dart            Conj           ####         1%          1    None
b - Blink                 Tloc           N/A          3%          2    None
c - Mephitic Cloud        Conj/Pois/Air  ######..     1%          3    None
d - Flame Tongue          Conj/Fire      #####        1%          1    None
e - Fireball              Conj/Fire      ######....   7%          5    ##.....
f - Borgnjor's Vile Clut  Necr/Erth      #######...   2%          5    ##.....
g - Summon Lightning Spi  Summ/Air       ######..     2%          4    None
h - Deflect Missiles      Chrm/Air       #######...   7%          6    #####..
i - Summon Butterflies    Summ           ######..     1%          1    None


Dungeon Overview and Level Annotations

Branches:
Dungeon (15/15)            Temple (1/1) D:6            Lair (6/6) D:10
 Shoals (3/4) Lair:2       Spider (0/4) Lair:4        Slime (2/5) Lair:6
    Orc (2/2) D:10            Elf (0/3) Orc:2        Vaults (0/5) D:13
 Depths (0/5) D:15

Altars:
Ashenzari
Cheibriados
Dithmenos
Elyvilon
Fedhas
Gozag
Hepliaklqana
Kikubaaqudgha
Makhleb
Nemelex Xobeh
Okawaru
Qazlal
Ru
Sif Muna
Trog
Uskayaw
Vehumet
Wu Jian
Xom
Yredelemnul
Zin
The Shining One
Jiyva

Shops:
D:8 !   D:9 *[*!   Orc:1 (   Orc:2 %[[*?

Annotations:
D:4 Duvessa
Lair:6 grindst0ne's ghost, journeyman FoHu


Innate Abilities, Weirdness & Mutations

You cannot wear armour.
You are incapable of wielding weapons or throwing items.
Your paws allow you to move quietly. (Stealth)
You have sharp claws.
You have razor-sharp teeth.
You have supernaturally acute eyesight. (SInv)
You are carnivorous and can eat meat at any time.
You cover ground quickly.
Your thick and shaggy fur keeps you warm. (AC +3, rC+)
You have a slow metabolism.
Your sharp claws are effective at attacking unaware monsters.
You have a pair of small horns on your head.
You are surrounded by a mild repulsion field. (EV +2)
You are mostly covered in slimy green scales. (AC +3)
You are very agile. (Dex +4)
Your mind is very acute. (Int +4)
Your flesh is heat resistant. (rF+)
You are highly resistant to hostile enchantments. (MR++)
You are somewhat resistant to further mutation.
You passively map the area around you.
Your system is resistant to poisons. (rPois)
Your spells are a little harder to cast, but a little more powerful.


Message History

The harpy claws you. x2; The harpy completely misses you. x3
The harpy misses you.
The merfolk shouts!
The harpy barely misses you. The harpy claws you!
The merfolk throws a throwing net.
You deflect the throwing net!
You feel less protected from missiles. The harpy completely misses you.
The harpy claws you!
* * * LOW HITPOINT WARNING * * *
You see here a throwing net.
Casting: Summon Butterflies
Confirm with . or Enter, or press ? or * to list all spells.
The harpy completely misses you. The harpy claws you.
* * * LOW HITPOINT WARNING * * *
The harpy completely misses you. The harpy misses you.
The harpy closely misses you. The harpy completely misses you.
The harpy closely misses your butterfly.
The harpy claws your butterfly.
Your butterfly dies!
The merfolk impaler hits you from afar with a trident of distortion!!
You die...

≈≈..≈≈≈......>.≈....##.P.P≈≈≈≈≈
≈.P...≈≈...###......# #..PP≈≈≈≈≈
,###.≈≈(### #..m...###...P≈≈≈≈≈
, * #.≈≈..#####..##.†..##.P≈PP≈≈
* #.≈≈≈≈..###.###...###..≈≈P≈≈
###.≈≈≈≈≈###.....#### ##.P≈P≈≈ ≈
....≈≈≈≈b..bb..m###.## #..PP≈≈
≈≈.P≈≈≈≈≈≈≈≈≈bb.b# #..###..≈≈P≈
≈≈≈≈≈≈≈≈≈≈≈≈≈.H@..###.....≈..<..
≈≈P..≈≈≈≈≈m.E.H..#....###......P
≈ ≈≈...≈≈≈.m.#######..##
##..##P. ≈≈≈.m...m.#### ###..#
#####P. .....≈..#..## #....###
#....P
≈≈≈≈≈≈≈.....###.)....####.≈≈≈≈
≈≈≈..≈...≈.Eb.m..m.P..P..≈≈≈≈.
≈≈≈≈.≈....≈≈≈≈..).≈.......≈≈PP.
≈≈≈≈≈.###≈≈≈b†≈≈≈≈....†PP≈≈P≈P


You could see 2 merfolk impalers, 2 merfolk, a water elemental, a merfolk siren
and 2 harpies.

Vanquished Creatures
  Roxanne (Shoals:1)
  An azure jelly (Slime:1)
  A merfolk javelineer (Shoals:2)
  2 merfolk impalers
  Josephine (D:10)
  An ogre mage (Orc:2)
  Erolcha (D:9)
  A catoblepas (Lair:6)
  6 hydras
  A merfolk aquamancer (Shoals:2)
  A merfolk avatar (Shoals:3)
  Erica (D:8)
  3 centaur warriors
  A death yak (Lair:6)
  13 two-headed ogres
  A deep elf knight (D:15)
  A fire crab (Lair:6)
  A skeletal warrior (D:14)
  3 sea snakes
  An unseen horror (Lair:4)
  An orc knight (D:12)
  A wolf spider zombie (D:14)
  3 harpies (Shoals:1)
  2 oklob plants
  An ugly thing (D:13)
  An orc sorcerer (Orc:2)
  5 fauns
  A deep elf mage (D:14)
  A shining eye (Slime:1)
  11 elephants
  7 manticores
  A merfolk siren (Shoals:1)
  A water nymph (Shoals:1)
  2 black mambas
  A torpor snail (Lair:2)
  Psyche (D:9)
  3 spiny frogs
  A rime drake (Lair:3)
  8 komodo dragons
  A yaktaur (D:15)
  A queen bee (Lair:2)
  7 trolls
  A tengu conjurer (D:14)
  11 merfolk
  A polar bear (Lair:4)
  2 meliai (D:15)
  Grinder (D:6)
  A snapping turtle (Shoals:2)
  11 blink frogs
  3 wind drakes
  17 slime creatures
  7 hippogriffs
  A spriggan (D:7)
  A redback (Lair:5)
  A water elemental (Shoals:1)
  2 wraiths
  35 yaks
  A basilisk (Lair:2)
  7 wyverns
  4 humans (D:13)
  2 steam dragons (Volcano)
  Eustachio (D:4)
  A fire bat (Volcano)
  A hungry ghost (D:8)
  A warg (shapeshifter) (D:15)
  14 water moccasins
  5 porcupines
  2 sky beasts
  12 orc warriors
  An ice beast (D:5)
  A phantom (D:8)
  4 black bears
  7 wolves
  16 ogres
  4 centaurs
  11 crocodiles
  A big kobold (D:10)
  10 bullfrogs
  Dowan (D:4)
  5 scorpions
  48 killer bees
  A wight (D:13)
  2 electric eels (D:7)
  A centaur zombie (D:8)
  2 crimson imps
  2 hounds
  A gnoll shaman (D:8)
  2 jellies
  Crazy Yiuf (D:3)
  2 bullfrog skeletons
  6 orc priests
  3 centaur skeletons
  Terence (D:3)
  A hell rat (D:12)
  Natasha (thrice) (D:3)
  An iguana (D:14)
  17 orc wizards
  Ijyb (D:2)
  9 worker ants
  2 hound skeletons (D:7)
  2 worker ant zombies
  Robin (D:3)
  7 adders
  18 gnolls
  2 shadow imps
  3 oozes
  An adder zombie (D:5)
  An adder skeleton (D:9)
  3 worms
  3 dart slugs
  3 leopard geckos
  44 orcs
  2 ball pythons (D:1)
  9 bats
  5 giant cockroaches
  12 goblins
  5 hobgoblins
  7 jackals (D:3)
  6 quokkas
  2 frilled lizards
  11 kobolds
  A leopard gecko zombie (D:5)
  7 rats
  11 fungi
  13 plants
595 creatures vanquished.

Vanquished Creatures (collateral kills)
  Rupert (Lair:3)
  An acid blob (Slime:1)
  3 orc warlords
  Nessos (Lair:6)
  2 ettins
  A merfolk impaler (Shoals:2)
  An ogre mage (Orc:2)
  2 fire dragons
  3 hydras
  2 centaur warriors
  A tengu warrior (D:15)
  The ghost of buskinjo2 the Fighter, a novice GnWn of Gozag (D:8)
  A deep troll shaman (Lair:6)
  2 death yaks (Lair:6)
  7 two-headed ogres
  A deep elf knight (Bailey)
  3 sea snakes
  13 skeletal warriors
  A swamp dragon (Lair:6)
  2 deep trolls (Orc:2)
  7 harpies
  An orc knight (D:13)
  Pikel (D:8)
  An ugly thing (D:11)
  2 orc sorcerers (Orc:2)
  3 salamanders (Volcano)
  2 fauns (Shoals:1)
  A manticore (Shoals:3)
  13 deep elf magi
  3 cyclopes
  An oklob plant (Lair:2)
  An elephant (Lair:6)
  Maurice (D:11)
  An eye of devastation (Slime:1)
  A torpor snail (Lair:6)
  3 spiny frogs
  A yaktaur (D:15)
  2 kobold demonologists (D:14)
  A rime drake (Lair:6)
  2 trolls (Orc:2)
  A polar bear (Lair:6)
  4 meliai
  3 blink frogs (Lair:6)
  7 merfolk
  10 slime creatures
  3 hippogriffs
  3 snapping turtles
  5 dream sheep (Lair:6)
  3 wraiths
  4 wyverns
  2 water elementals
  A steam dragon (Volcano)
  12 humans
  2 hungry ghosts
  A fire bat (Volcano)
  14 yaks
  7 wargs
  2 hell hounds (Orc:1)
  A porcupine (Lair:2)
  A soldier ant (D:14)
  3 water moccasins
  A hornet zombie (D:14)
  13 orc warriors
  2 eyes of draining
  11 ogres
  A necrophage (D:10)
  5 wolves (Lair:6)
  A centaur (D:8)
  4 crocodiles
  2 big kobolds
  A water moccasin skeleton (D:4)
  29 killer bees
  3 wights
  5 crimson imps
  3 hounds
  7 orc priests
  7 orc wizards
  A bullfrog skeleton (D:12)
  An iguana (D:11)
  2 worker ants
  A hound skeleton (D:8)
  A howler monkey skeleton (D:8)
  4 gnolls
  2 adders (D:10)
  A shadow imp (D:15)
  An adder zombie (D:10)
  39 orcs
  3 goblins (D:12)
  9 kobolds
  2 fungi (Lair:6)
  6 plants
354 creatures vanquished.

Vanquished Creatures (others)
  A komodo dragon (Lair:3)
  2 wyverns (Volcano)
  A yak (Lair:6)
  A steam dragon (Volcano)
  A crocodile (Lair:3)
  A killer bee (D:12)
  An orc wizard (D:7)
  An adder (D:8)
  An orc (Orc:1)
  2 bushes (Lair:6)
  22 fungi
  2 pillars of salt (Orc:2)
  44 plants
80 creatures vanquished.

Grand Total: 1029 creatures vanquished

Notes
Turn   | Place    | Note
-------+----------+-------------------------------------------
     0 | D:1      | inc the Felid Wizard began the quest for the Orb.
     0 | D:1      | Reached XP level 1. HP: 7/7 MP: 5/5
    19 | D:1      | Reached skill level 1 in Conjurations
   175 | D:1      | Reached XP level 2. HP: 11/11 MP: 4/7
   447 | D:1      | Reached skill level 1 in Unarmed Combat
   915 | D:1      | Reached XP level 3. HP: 14/14 MP: 3/8
  1822 | D:2      | Learned a level 2 spell: Blink
  2070 | D:2      | Reached XP level 4. HP: 18/18 MP: 4/9
  2740 | D:3      | Noticed a bullfrog
  3148 | D:3      | Noticed Ijyb
  3195 | D:2      | Learned a level 3 spell: Mephitic Cloud
  3228 | D:2      | Killed Ijyb
  3228 | D:2      | Reached XP level 5. HP: 14/21 MP: 6/10
  3411 | D:3      | Noticed Terence
  3426 | D:3      | Noticed Natasha
  3906 | D:3      | Killed Natasha
  3967 | D:3      | Noticed Robin
  4158 | D:3      | Killed Terence
  4367 | D:3      | Noticed Natasha
  4369 | D:3      | Reached skill level 5 in Stealth
  4369 | D:3      | Gained mutation: You are covered in thick fur. (AC +2) [Felid growth]
  4369 | D:3      | Reached XP level 6. HP: 24/24 MP: 1/11
  4570 | D:3      | Killed Natasha
  5042 | D:3      | Killed Robin
  5042 | D:3      | Reached skill level 1 in Poison Magic
  5209 | D:3      | Found a deep blue altar of Sif Muna.
  5209 | D:3      | Found a shimmering altar of Xom.
  5216 | D:3      | Became a worshipper of Xom of Chaos
  5306 | D:3      | Noticed Natasha
  5331 | D:3      | Killed Natasha
  5386 | D:3      | XOM: divination: detect creatures
  5434 | D:3      | Found a radiant altar of Vehumet.
  5461 | D:3      | XOM: silly message
  5478 | D:3      | Found a runed door.
  5542 | D:3      | Noticed Crazy Yiuf
  5546 | D:3      | Killed Crazy Yiuf
  5546 | D:3      | Reached skill level 1 in Air Magic
  5602 | D:4      | XOM: divination: detect creatures
  5760 | D:4      | You fall through a shaft for 3 floors!
  5761 | D:7      | Found a glowing golden altar of the Shining One.
  5883 | D:7      | Learned a level 2 spell: Call Imp
  5883 | D:7      | XOM: fog
  5920 | D:7      | XOM: mild Necr miscast
  6036 | D:7      | XOM: 4-stop teleportation journey
  6046 | D:7      | XOM: summons 2 hostile demons
  6126 | D:8      | XOM: god gift: 46 gold pieces
  6226 | D:8      | XOM: harmless Chrm miscast
  6270 | D:7      | XOM: butterfly on damage
  6274 | D:7      | Noticed an orc warrior
  6289 | D:7      | XOM: butterfly on damage
  6301 | D:7      | XOM: enchant monster (bad)
  6321 | D:8      | XOM: potion effect (magic)
  6546 | D:8      | Noticed an orc warrior
  6603 | D:7      | XOM: noise
  6620 | D:7      | XOM: fog
  6622 | D:7      | Reached XP level 7. HP: 20/27 MP: 5/12
  6925 | D:6      | Found a stormy altar of Qazlal.
  6953 | D:6      | XOM: cloud trail
  6956 | D:5      | Entered Level 5 of the Dungeon
  6985 | D:5      | XOM: cleaving
  6998 | D:5      | XOM: summons 7 friendly demons
  7006 | D:5      | Reached skill level 1 in Fighting
  7022 | D:5      | XOM: scenery: create altars
  7309 | D:4      | Noticed Eustachio
  7430 | D:4      | Killed from afar by an orc wizard
  7431 | D:4      | Reached XP level 6. HP: -3/25 MP: 5/11
  7456 | D:3      | XOM: god gift: scroll labeled NAOWKA KAO {god gift}
  7574 | D:3      | XOM: god gift: wand of enslavement (8)
  7933 | D:4      | XOM: confuse monster(s)
  7937 | D:4      | XOM: potion effect (might)
  7947 | D:4      | Noticed Duvessa
  7948 | D:4      | Noticed Dowan
  7994 | D:5      | Noticed an ice beast
  7998 | D:5      | XOM: cast spell 'Summon Ice Beast'
  8012 | D:5      | Killed an ice beast
  8012 | D:5      | Reached skill level 5 in Dodging
  8103 | D:4      | XOM: scenery: create altars
  8106 | D:4      | XOM: noise
  8112 | D:4      | XOM: blink monster(s)
  8262 | D:4      | Xom revived you
  8264 | D:4      | XOM: 1-stop teleportation journey
  8322 | D:4      | XOM: god gift: 49 gold pieces
  8332 | D:4      | Killed Eustachio
  8332 | D:4      | Reached XP level 7. HP: 18/28 MP: 7/12
  8355 | D:4      | Killed Dowan
  8366 | D:4      | XOM: give mutation
  8366 | D:4      | Gained mutation: You expend magic power (3 MP) to strengthen your wands. [Xom's mischief]
  8373 | D:4      | XOM: medium Pois miscast
  8468 | D:6      | XOM: medium Erth miscast
  8759 | D:6      | Noticed Grinder
  8765 | D:6      | Found a staircase to the Ecumenical Temple.
  8767 | D:6      | XOM: summons 3 hostile demons
  8773 | Temple   | Entered the Ecumenical Temple
  9184 | D:6      | XOM: summons 7 friendly demons
  9233 | D:6      | Killed Grinder
  9344 | D:6      | XOM: summons 3 hostile demons
  9575 | D:5      | XOM: summons friendly quasit
  9626 | D:5      | XOM: harmless Chrm miscast
  9790 | D:5      | Found a hide-covered altar of Uskayaw.
  9951 | D:5      | Found an opulent altar of Gozag.
 10114 | D:6      | Reached XP level 8. HP: 32/32 MP: 13/13
 10134 | D:6      | XOM: mild Ice miscast
 10154 | D:6      | Reached skill level 10 in Dodging
 10293 | D:6      | Lost mutation: You expend magic power (3 MP) to strengthen your wands. [potion of mutation]
 10293 | D:6      | Gained mutation: Potions are less effective at restoring your health. [potion of mutation]
 10293 | D:6      | Gained mutation: You are partially covered in thin metallic scales. (AC +2) [potion of mutation]
 10294 | D:6      | Lost mutation: You are partially covered in thin metallic scales. (AC +2) [potion of mutation]
 10294 | D:6      | Lost mutation: Potions are less effective at restoring your health. [potion of mutation]
 10294 | D:6      | Gained mutation: You have a pair of small horns on your head. [potion of mutation]
 10294 | D:6      | Gained mutation: You expend magic power (3 MP) to strengthen your wands. [potion of mutation]
 10294 | D:6      | Gained mutation: You are partially covered in icy blue scales. (AC +2) [potion of mutation]
 10294 | D:6      | Gained mutation: You possess an exceptional clarity of mind. [potion of mutation]
 10322 | D:6      | XOM: harmless Conj miscast
 10388 | D:6      | XOM: give mutations
 10388 | D:6      | Gained mutation: Your mind is acute. (Int +2) [Xom's grace]
 10388 | D:6      | Gained mutation: Your mind is very acute. (Int +4) [Xom's grace]
 10388 | D:6      | Gained mutation: Your thick and shaggy fur keeps you warm. (AC +3, rC+) [Xom's grace]
 10388 | D:6      | Gained mutation: You are somewhat resistant to further mutation. [Xom's grace]
 11017 | D:7      | Noticed a hippogriff
 11018 | D:7      | XOM: confuse monster(s)
 11054 | D:7      | Killed a hippogriff
 11066 | D:7      | XOM: harmless Pois miscast
 11083 | D:7      | XOM: god gift: chain mail {god gift}
 11414 | D:7      | Learned a level 4 spell: Animate Dead
 11517 | D:7      | Found a shattered altar of Ashenzari.
 11703 | D:7      | XOM: god gift: 3 large rocks
 11798 | D:7      | Reached skill level 1 in Necromancy
 11813 | D:7      | XOM: harmless Fire miscast
 11909 | D:7      | Reached XP level 9. HP: 40/40 MP: 14/14
 12068 | D:7      | XOM: divination: magic mapping
 12150 | D:8      | XOM: mild Ice miscast
 12195 | D:8      | Noticed buskinjo2's ghost (novice GnWn)
 12208 | D:8      | XOM: summons friendly white imp
 12219 | D:8      | XOM: summons friendly shadow imp
 12246 | D:8      | XOM: summons friendly shadow imp
 12251 | D:8      | XOM: scenery: create altars
 12472 | D:8      | Found Agreac's Distillery.
 12590 | D:8      | XOM: fog
 12595 | D:8      | Reached skill level 5 in Necromancy
 12700 | D:8      | Found a bloodstained altar of Trog.
 12912 | D:8      | XOM: fog
 13238 | D:8      | Noticed Erica
 13245 | D:8      | XOM: cast spell 'Ring of Flames'
 13254 | D:8      | Killed Erica
 13263 | D:8      | Noticed Pikel
 13269 | D:8      | Killed Pikel
 13272 | D:8      | XOM: give mutations
 13272 | D:8      | Gained mutation: You passively map a small area around you. [Xom's grace]
 13272 | D:8      | Gained mutation: You can translocate small distances at will. [Xom's grace]
 13272 | D:8      | Gained mutation: You are partially covered in slimy green scales. (AC +2) [Xom's grace]
 13273 | D:8      | Reached XP level 10. HP: 27/43 MP: 8/15
 13295 | D:8      | Found a glowing silver altar of Zin.
 13310 | D:8      | XOM: mild Necr miscast
 13421 | D:8      | Killed buskinjo2's ghost
 13465 | D:8      | XOM: medium Pois miscast
 13476 | D:9      | Noticed Psyche
 13487 | D:9      | XOM: butterfly on damage
 13489 | D:9      | Killed Psyche
 13688 | D:8      | XOM: butterfly on damage
 13908 | D:8      | XOM: divination: magic mapping
 13996 | D:9      | Found Qier Exi's Distillery.
 14019 | D:9      | Found Uhionogu's Assorted Antiques.
 14057 | D:9      | Found Xuytyiph's General Store.
 14060 | D:9      | XOM: cast spell 'Olgreb's Toxic Radiance'
 14067 | D:9      | XOM: 5-stop teleportation journey
 14093 | D:9      | XOM: god gift: potion of curing
 14128 | D:9      | Noticed Erolcha
 14129 | D:9      | XOM: confuse monster(s)
 14185 | D:8      | Learned a level 5 spell: Borgnjor's Vile Clutch
 14214 | D:9      | Found Uharch's Armour Shoppe.
 14214 | D:9      | Found Wobbuq's Food Boutique.
 14214 | D:9      | XOM: 8-stop teleportation journey
 14256 | D:9      | XOM: give mutations
 14256 | D:9      | Gained mutation: You are mostly covered in slimy green scales. (AC +3) [Xom's grace]
 14256 | D:9      | Gained mutation: You are agile. (Dex +2) [Xom's grace]
 14256 | D:9      | Gained mutation: You are somewhat resistant to both further mutation and mutation removal. [Xom's grace]
 14283 | D:9      | XOM: summons 8 friendly demons
 14289 | D:9      | XOM: harmless Pois miscast
 14296 | D:9      | Reached skill level 1 in Earth Magic
 14315 | D:9      | XOM: noise
 14332 | D:8      | Found a shadowy altar of Dithmenos.
 14497 | D:8      | XOM: give mutation
 14497 | D:8      | Lost mutation: You possess an exceptional clarity of mind. [Xom's mischief]
 14863 | D:9      | XOM: harmless Conj miscast
 14874 | D:9      | XOM: severe Erth miscast
 14878 | D:9      | XOM: repel stairs
 14890 | D:9      | Killed Erolcha
 14891 | D:9      | XOM: mild Pois miscast
 15102 | D:9      | XOM: give mutations
 15102 | D:9      | Lost mutation: You are mostly covered in slimy green scales. (AC +3) [Xom's mischief]
 15102 | D:9      | Lost mutation: You expend magic power (3 MP) to strengthen your wands. [Xom's mischief]
 15102 | D:9      | Lost mutation: You are partially covered in icy blue scales. (AC +2) [Xom's mischief]
 15199 | D:10     | Entered Level 10 of the Dungeon
 15302 | D:10     | Found a staircase to the Lair.
 15307 | D:10     | XOM: confusion
 15310 | D:10     | HP: 1/43 [komodo dragon (9)]
 15437 | D:10     | XOM: polymorph orc -> gnoll
 15457 | D:9      | Reached skill level 5 in Earth Magic
 15901 | D:10     | Noticed Josephine
 15915 | D:10     | Killed Josephine
 15948 | Lair:1   | Entered Level 1 of the Lair of Beasts
 15987 | Lair:1   | XOM: harmless Hex miscast
 16132 | Lair:1   | XOM: scenery: create altars
 16212 | Lair:1   | XOM: give mutation
 16212 | Lair:1   | Gained mutation: You are mostly covered in slimy green scales. (AC +3) [Xom's grace]
 16228 | Lair:1   | Reached XP level 11. HP: 46/46 MP: 11/18
 16316 | Lair:1   | XOM: give mutations
 16316 | Lair:1   | Gained mutation: You are surrounded by a mild repulsion field. (EV +2) [Xom's grace]
 16316 | Lair:1   | Gained mutation: Your muscles are strong. (Str +2) [Xom's grace]
 16316 | Lair:1   | Gained mutation: You are resistant to hostile enchantments. (MR+) [Xom's grace]
 16316 | Lair:1   | Gained mutation: You passively map the area around you. [Xom's grace]
 16355 | Lair:1   | Found a blossoming altar of Fedhas.
 16366 | Lair:1   | Noticed an oklob plant
 16373 | Lair:1   | Killed an oklob plant
 16453 | Lair:1   | XOM: god gift: 17 gold pieces
 16476 | Lair:1   | XOM: god gift: 20 gold pieces
 16710 | Lair:1   | Noticed a seven-headed hydra
 16716 | Lair:1   | Killed a seven-headed hydra
 16895 | Lair:1   | XOM: scenery: 1 doors open
 16896 | Lair:1   | XOM: cleaving
 16958 | Lair:2   | XOM: confuse monster(s)
 17039 | Lair:3   | XOM: torment (24/46 hp)
 17071 | Lair:3   | Noticed Rupert
 17166 | Lair:3   | XOM: 2-stop teleportation journey
 17182 | Lair:3   | XOM: cleaving
 17210 | Lair:3   | XOM: butterfly on damage
 17239 | Lair:3   | XOM: divination: detect creatures
 17514 | Lair:3   | XOM: god gift: 1570 gold pieces
 17548 | Lair:3   | XOM: scenery: create altars
 17990 | Lair:3   | XOM: 5-stop teleportation journey
 18003 | Lair:3   | Reached skill level 10 in Earth Magic
 18256 | Lair:3   | XOM: summons 3 hostile demons
 18299 | Lair:3   | Reached skill level 5 in Spellcasting
 18453 | Lair:3   | XOM: confuse monster(s)
 18528 | Lair:3   | XOM: medium Ice miscast
 18547 | Lair:3   | XOM is BORED!
 18547 | Lair:3   | XOM: severe Ice miscast
 18664 | Lair:3   | Noticed a seven-headed hydra
 18667 | Lair:3   | XOM: fog
 18679 | Lair:3   | XOM: summons 11 friendly demons
 18681 | Lair:3   | Killed a seven-headed hydra
 18701 | Lair:3   | Killed Rupert
 18701 | Lair:3   | Mutation became permanent: You are covered in thick fur. (AC +2) [Felid growth]
 18701 | Lair:3   | Gained mutation: Your thick and shaggy fur keeps you warm. (AC +3, rC+) [Felid growth]
 18701 | Lair:3   | Reached XP level 12. HP: 50/50 MP: 3/23
 18994 | Lair:3   | XOM: cloud trail
 19156 | Lair:4   | XOM: 2-stop teleportation journey
 19190 | Lair:4   | Noticed a four-headed hydra
 19195 | Lair:4   | XOM: confuse monster(s)
 19203 | Lair:4   | Killed a four-headed hydra
 19312 | Lair:4   | XOM: god gift: thin jewelled staff {god gift}
 19317 | Lair:4   | XOM: polymorph spiny frog -> unseen horror
 19527 | Lair:4   | Found a hole to the Spider Nest.
 19815 | Lair:4   | XOM: divination: detect creatures
 19877 | Lair:4   | XOM: 7-stop teleportation journey
 19883 | Lair:4   | Learned a level 4 spell: Summon Lightning Spire
 20401 | Lair:4   | XOM: god gift: jade ring {god gift}
 20511 | Lair:4   | XOM: cloud trail
 20550 | Lair:5   | XOM: destruction
 20574 | Lair:4   | XOM: polymorph porcupine -> killer bee
 20655 | Lair:4   | XOM: scenery: create altars
 20767 | Lair:5   | XOM: scenery: create altars
 20773 | Lair:5   | XOM: confuse monster(s)
 20817 | Lair:5   | XOM: scenery: create altars
 20832 | Lair:5   | XOM: polymorph elephant -> redback
 20944 | Lair:5   | XOM: divination: magic mapping
 21029 | Lair:5   | Noticed a seven-headed hydra
 21031 | Lair:5   | XOM: enchant monster (good)
 21035 | Lair:5   | Killed a seven-headed hydra
 21045 | Lair:5   | XOM: summons 12 friendly demons
 21155 | Lair:5   | Noticed a six-headed hydra
 21160 | Lair:5   | Killed a six-headed hydra
 21160 | Lair:5   | Reached skill level 5 in Summonings
 21160 | Lair:5   | Reached skill level 5 in Air Magic
 21276 | Lair:5   | XOM: cloud trail
 21317 | Lair:5   | XOM: god gift: 13 gold pieces
 21338 | Lair:5   | XOM: 1-stop teleportation journey
 21454 | Lair:5   | XOM: give mutations
 21454 | Lair:5   | Gained mutation: You are highly resistant to hostile enchantments. (MR++) [Xom's grace]
 21454 | Lair:5   | Gained mutation: Your muscles are very strong. (Str +4) [Xom's grace]
 21454 | Lair:5   | Gained mutation: You are very agile. (Dex +4) [Xom's grace]
 21509 | Lair:5   | XOM: summons 4 hostile shadow creatures
 21510 | Lair:5   | Noticed an eight-headed hydra
 21533 | Lair:5   | XOM: god gift: 15 stones
 21601 | Lair:5   | XOM: god gift: 8 curare-tipped needles
 21732 | Lair:6   | Entered Level 6 of the Lair of Beasts
 21732 | Lair:6   | XOM: polymorph elephant -> wind drake
 21737 | Lair:6   | XOM: summons friendly crimson imp
 21739 | Lair:6   | XOM: butterfly on damage
 21740 | Lair:6   | Reached skill level 5 in Fighting
 21889 | Lair:6   | Reached XP level 13. HP: 43/54 MP: 16/27
 21907 | Lair:6   | XOM: summons 13 friendly demons
 21963 | Lair:6   | XOM: destruction
 21971 | Lair:6   | XOM: enchant monster (bad)
 21992 | Lair:6   | XOM: 1-stop teleportation journey
 22003 | Lair:6   | Noticed Nessos
 22008 | Lair:6   | HP: 2/54 [Nessos/arrow (25)]
 22008 | Lair:6   | Shot with an arrow by Nessos
 22009 | Lair:6   | Reached XP level 12. HP: -3/51 MP: 21/35
 22047 | Lair:6   | Noticed grindst0ne's ghost (journeyman FoHu)
 22049 | Lair:6   | XOM: chaos cloud
 22050 | Lair:6   | XOM: cast spell 'Cause Fear'
 22065 | Lair:6   | XOM: cast spell 'Cause Fear'
 22077 | Lair:6   | XOM: silly message
 22080 | Lair:6   | XOM: scenery: create altars
 22250 | Lair:6   | Killed a four-headed hydra
 22279 | Lair:6   | XOM: smoke on damage
 22281 | Lair:6   | XOM: noise
 22282 | Lair:6   | XOM: polymorph dream sheep -> swamp dragon
 22574 | Lair:5   | XOM: medium Summ miscast
 22726 | Lair:2   | Found a staircase to the Shoals.
 22726 | Lair:2   | XOM: medium Tmut miscast
 22751 | Lair:2   | Learned a level 6 spell: Deflect Missiles
 22772 | Lair:2   | Reached skill level 1 in Charms
 22774 | Lair:2   | Reached skill level 2 in Charms
 23036 | Lair:2   | XOM: blink monster(s)
 23042 | Lair:2   | Reached skill level 3 in Charms
 23125 | Lair:2   | XOM: harmless Summ miscast
 23228 | Lair:2   | Reached skill level 4 in Charms
 23306 | Lair:2   | XOM: harmless Hex miscast
 23497 | Lair:2   | XOM: silly message
 23549 | Lair:2   | Reached skill level 5 in Charms
 23582 | Lair:2   | XOM: noise
 23599 | Lair:2   | XOM: harmless Hex miscast
 23837 | Lair:2   | XOM: potion effect (haste)
 23923 | Lair:2   | XOM: noise
 23942 | Lair:2   | Reached skill level 6 in Charms
 23948 | Lair:2   | XOM: give mutations
 23948 | Lair:2   | Lost mutation: You are somewhat resistant to both further mutation and mutation removal. [Xom's mischief]
 23948 | Lair:2   | Lost mutation: Your muscles are very strong. (Str +4) [Xom's mischief]
 23948 | Lair:2   | Lost mutation: You are highly resistant to hostile enchantments. (MR++) [Xom's mischief]
 23977 | Lair:2   | XOM: polymorph blink frog -> spiny frog
 24160 | Lair:2   | XOM: divination: detect items
 24327 | Lair:2   | XOM: cloud trail
 24335 | Lair:2   | XOM: noise
 24340 | Lair:2   | XOM: confuse monster(s)
 24342 | Lair:2   | Reached skill level 7 in Charms
 24570 | Lair:2   | XOM: give mutations
 24570 | Lair:2   | Gained mutation: Your flesh is heat resistant. (rF+) [Xom's grace]
 24570 | Lair:2   | Gained mutation: Your system is resistant to poisons. (rPois) [Xom's grace]
 24570 | Lair:2   | Gained mutation: You are highly resistant to hostile enchantments. (MR++) [Xom's grace]
 24570 | Lair:2   | Gained mutation: Your spells are a little harder to cast, but a little more powerful. [Xom's grace]
 24884 | Lair:1   | XOM: give mutations
 24884 | Lair:1   | Lost mutation: Your muscles are strong. (Str +2) [Xom's mischief]
 24884 | Lair:1   | Lost mutation: You can translocate small distances at will. [Xom's mischief]
 25143 | D:8      | XOM: torment (28/53 hp)
 25184 | D:8      | Fell from the grace of Xom
 25184 | D:8      | Became a worshipper of Zin the Law-Giver
 25184 | D:8      | Reached * piety under Zin
 25184 | D:8      | Reached ** piety under Zin
 25185 | D:8      | Donated 1312 gold pieces to Zin
 25203 | D:8      | Reached *** piety under Zin
 25351 | Lair:1   | Reached **** piety under Zin
 25639 | D:10     | Found a staircase to the Orcish Mines.
 25669 | D:10     | Reached ***** piety under Zin
 26370 | D:10     | XOM: god gift: war axe {god gift}
 26808 | D:11     | Noticed Maurice
 26813 | D:11     | Killed Maurice
 27714 | D:12     | Learned a level 1 spell: Summon Butterflies
 27722 | D:12     | Found a flagged portal.
 27735 | Bailey   | Entered a bailey
 27740 | Bailey   | XOM: medium Hex miscast
 27771 | Bailey   | Reached XP level 13. HP: 57/57 MP: 27/27
 27842 | Bailey   | Reached skill level 1 in Invocations
 27972 | Bailey   | XOM: scenery: 1 doors close
 28052 | Bailey   | XOM: medium Air miscast
 28635 | D:12     | Reached ****** piety under Zin
 29031 | D:12     | Reached skill level 5 in Invocations
 29158 | D:12     | XOM: give mutations
 29370 | D:12     | XOM: medium Necr miscast
 29385 | D:12     | XOM: summons 1 hostile shadow creature
 29984 | D:12     | XOM: medium Air miscast
 30127 | D:12     | XOM: torment (30/57 hp)
 30320 | D:13     | Reached skill level 8 in Charms
 30680 | D:12     | XOM: give mutation
 30831 | D:13     | Found a gate to the Vaults.
 31140 | D:13     | XOM: fake destruction
 31457 | D:13     | Reached skill level 9 in Charms
 32448 | D:14     | XOM: summons 12 hostile demons
 32511 | D:15     | Entered Level 15 of the Dungeon
 32620 | D:14     | Reached XP level 14. HP: 38/60 MP: 28/28
 32851 | D:14     | Reached skill level 10 in Charms
 33402 | D:15     | Found a staircase to the Depths.
 33465 | D:15     | Zin protects you from harm!
 33628 | Orc:1    | Entered Level 1 of the Orcish Mines
 33635 | Orc:1    | XOM: summons 1 hostile demon
 33636 | Orc:1    | Found Diolusiwn's Antique Weapon Shoppe.
 33713 | Orc:1    | Found a dark tunnel.
 33724 | Orc:1    | Learned a level 5 spell: Fireball
 33742 | Orc:2    | Entered Level 2 of the Orcish Mines
 33838 | Orc:1    | Learned a level 1 spell: Flame Tongue
 33839 | Volcano  | Entered a volcano
 33968 | Volcano  | Reached skill level 1 in Fire Magic
 35568 | Orc:1    | XOM: summons 2 hostile demons
 35600 | Orc:2    | Noticed an orc warlord
 35602 | Orc:2    | Found Buatwo's Magic Scroll Shop.
 35602 | Orc:2    | Found Koyboexe's Armour Shoppe.
 35604 | Orc:2    | Found Kepap's Armour Boutique.
 35606 | Orc:2    | Found Ycusy's Food Boutique.
 35791 | Orc:2    | Killed an orc warlord
 36002 | Orc:2    | Found a staircase to the Elven Halls.
 36295 | Orc:2    | Reached skill level 5 in Conjurations
 36302 | Orc:2    | Noticed an orc warlord
 36418 | Orc:2    | Killed an orc warlord
 36512 | Orc:2    | Bought a scroll of holy word for 97 gold pieces
 36595 | Orc:2    | Found Kiucwedgh's Assorted Antiques.
 36603 | Orc:2    | Bought a potion of heal wounds for 120 gold pieces
 36603 | Orc:2    | Bought a scroll of identify for 48 gold pieces
 36603 | Orc:2    | Identified a scroll of acquirement
 36635 | Orc:2    | Got a brightly glowing bronze ring
 36639 | Orc:2    | Identified the ring "Uckyschum" {rCorr *Corrode Dex+3 Stlth+} (You acquired it on level 2 of the Orcish Mines)
 36856 | Orc:1    | Noticed an orc warlord
 36885 | Orc:2    | XOM: summons 14 hostile demons
 37224 | Orc:1    | XOM: mild Chrm miscast
 37228 | Orc:1    | Killed an orc warlord
 37228 | Orc:1    | Reached skill level 5 in Fire Magic
 37277 | Orc:1    | XOM: summons 2 hostile shadow creatures
 38229 | Lair:6   | XOM: medium Fire miscast
 38386 | Lair:6   | Got a coiled turquoise ring
 38410 | Lair:6   | XOM: blink monster(s)
 38411 | Lair:6   | Identified the ring "Vinit Haffe" {rC+ MR+} (You found it on level 6 of the Lair of Beasts)
 38739 | Lair:6   | Found a viscous altar of Jiyva.
 38739 | Lair:6   | Found a staircase to the Slime Pits.
 38756 | Lair:6   | Killed Nessos
 38802 | Lair:6   | Reached XP level 15. HP: 32/64 MP: 24/29
 38858 | Slime:1  | Entered Level 1 of the Pits of Slime
 39485 | Slime:1  | Noticed an acid blob
 40039 | Slime:1  | Killed an acid blob
 40109 | Slime:1  | XOM: noise
 40112 | Slime:1  | Noticed an azure jelly
 40123 | Slime:1  | Killed an azure jelly
 40143 | Slime:1  | XOM: draining
 40756 | Slime:2  | Noticed an azure jelly
 40885 | Slime:1  | Reached skill level 10 in Spellcasting
 41153 | Shoals:1 | Entered Level 1 of the Shoals
 41238 | Lair:2   | XOM: stat loss: -3 Dex (17/20)
 41417 | Shoals:1 | Reached skill level 11 in Charms
 41490 | Shoals:1 | XOM: summons 4 hostile demons
 42179 | Shoals:1 | Noticed Roxanne
 42350 | Shoals:1 | Killed Roxanne
 42351 | Shoals:1 | Identified Roxanne's Reference Book on the Rocks (You took it off Roxanne on level 1 of the Shoals)
 42537 | Shoals:1 | Reached skill level 12 in Charms
 43146 | Shoals:2 | XOM: 2-stop teleportation journey
 43198 | Shoals:2 | XOM: mild Hex miscast
 43412 | Shoals:2 | HP: 3/64 [poisoned by a sea snake]
 43413 | Shoals:2 | HP: 1/64 [poisoned by a sea snake]
 43414 | Shoals:2 | Succumbed to a sea snake's poison
 43415 | Shoals:2 | Reached XP level 14. HP: 0/60 MP: 2/38
 43849 | Shoals:2 | XOM: noise
 44772 | Shoals:3 | HP: 1/60 [harpy (6)]
 44786 | Shoals:3 | Mangled by a harpy
 44787 | Shoals:3 | Reached XP level 13. HP: -10/57 MP: 3/37
 44798 | Shoals:3 | Noticed a merfolk impaler
 44801 | Shoals:3 | Noticed a merfolk impaler
 44805 | Shoals:3 | Mangled by a merfolk impaler

Skill      XL: |  1  2  3  4  5  6  7  8  9 10 11 12 13 14 15 |
---------------+----------------------------------------------+-----
Conjurations   | 1 2 7 |  7.1
Unarmed Combat | 1 3 4 |  4.2
Stealth        | 5 6 |  6.2
Poison Magic   | 1 |  1.5
Air Magic      | 2 6 7 9 |  9.3
Translocations | 2 |  2.0
Fighting       | 1 4 5 6 |  6.7
Dodging        | 6 9 10 11 | 11.4
Necromancy     | 3 8 9 |  9.7
Spellcasting   | 4 7 9 10 | 10.0
Earth Magic    | 6 10 | 10.0
Summonings     | 5 |  5.2
Charms         | 7 9 10 12 | 12.8
Invocations    | 7 |  7.6
Fire Magic     | 5 6 |  6.7

Action                   |  1- 3 |  4- 6 |  7- 9 | 10-12 | 13-15 || total
-------------------------+-------+-------+-------+-------+-------++-------
Melee: Unarmed           |    15 |   113 |   107 |   176 |   700 ||  1111
       Bite              |       |    10 |     6 |    22 |    77 ||   115
       Punch             |       |     1 |     4 |     2 |    16 ||    23
       Headbutt          |       |       |    10 |    42 |   155 ||   207
 Cast: Magic Dart        |    92 |   161 |   277 |   185 |       ||   715
       Mephitic Cloud    |       |    17 |    21 |    39 |   225 ||   302
       Blink             |       |     8 |     1 |    10 |    23 ||    42
       Call Imp          |       |    12 |    11 |     2 |       ||    25
       Animate Dead      |       |       |     7 |     4 |       ||    11
       Borgnjor's Vile C |       |       |       |   201 |    10 ||   211
       Summon Lightning  |       |       |       |    44 |   213 ||   257
       Summon Butterflie |       |       |       |       |     4 ||     4
       Flame Tongue      |       |       |       |       |   182 ||   182
       Fireball          |       |       |       |       |   103 ||   103
       Deflect Missiles  |       |       |       |       |     2 ||     2
Invok: Donate Gold       |       |       |       |     1 |       ||     1
       Recite            |       |       |       |       |    22 ||    22
       Vitalisation      |       |       |       |       |     2 ||     2
Evoke: Wand              |       |       |       |       |     1 ||     1
  Use: Scroll            |     1 |     7 |     8 |    12 |    10 ||    38
       Potion            |       |     2 |     3 |     5 |     9 ||    19
 Stab: Confused          |       |    15 |    15 |    23 |   101 ||   154
       Sleeping          |       |     7 |     7 |     2 |     9 ||    25
       Distracted        |       |     1 |     1 |     1 |     7 ||    10
       Petrified         |       |       |     2 |       |     4 ||     6
       Invisible         |       |       |       |       |     7 ||     7
       Paralysed         |       |       |       |       |     6 ||     6
  Eat: Chunk             |     1 |    18 |    14 |    62 |    36 ||   131
       Ration            |       |     2 |     2 |       |     1 ||     5
Armor: Skin              |     2 |     6 |    19 |    19 |    47 ||    93
Dodge: Dodged            |    24 |   153 |   183 |   328 |  1121 ||  1809
       Deflected         |       |       |       |       |    26 ||    26
